 Dungeon Crawl Stone Soup version 0.29-a0-23-ga79f92ac9c (webtiles) character file.

Game seed: 16418202136364259189

5196 lorenzova the Thaumaturge (level 10, 0/50 HPs)
             Began as a Deep Elf Conjurer on Jan 30, 2022.
             Was a Believer of Vehumet.
             Killed from afar by an electric eel (7 damage)
             ... with a bolt of electricity
             ... on level 9 of the Dungeon.
             The game lasted 00:35:11 (11407 turns).

lorenzova the Thaumaturge (Deep Elf Conjurer)      Turns: 11407, Time: 00:35:12

Health: 0/50       AC:  9    Str:  4    XL:     10   Next: 34%
Magic:  12/28      EV: 12    Int: 28    God:    Vehumet [**....]
Gold:   396        SH:  0    Dex: 13    Spells: 16/33 levels left

rFire   + + .      SeeInvis .   f - +2 quarterstaff (vorpal)
rCold   . . .      Faith    .   (shield currently unavailable)
rNeg    . . .      Spirit   .   a - +0 robe
rPois   +          Reflect  .   B - +0 helmet
rElec   .          Harm     .   (no cloak)
rCorr   .          Rampage  .   b - +4 pair of gloves of Getah {rPois rF++}
Will    +....                   e - +0 pair of boots
Stlth   ++........              d - amulet of regeneration
HPRegen 0.96/turn               (no ring)
MPRegen 0.21/turn               (no ring)

@: no status effects
A: no striking features
a: Renounce Religion


You were on level 9 of the Dungeon.
You worshipped Vehumet.
Vehumet was pleased with you.
You visited 2 branches of the dungeon, and saw 10 of its levels.
You also visited: Sewer and Ossuary.

You collected 396 gold pieces.

Inventory:

Hand Weapons
 f - a +2 vorpal quarterstaff (weapon)
Armour
 a - a +0 robe (worn)
 b - the +4 pair of gloves of Getah (worn) {rPois rF++}
   (You found it on level 3 of the Dungeon)

   rF:        It greatly protects you from fire.
   rPois:     It protects you from poison.
 e - a +0 pair of boots (worn)
 x - a +0 ring mail of willpower
 B - a +0 helmet (worn)
Jewellery
 d - an amulet of regeneration (around neck)
Wands
 t - a wand of acid (17)
Scrolls
 c - a scroll of fear {unknown}
 i - a scroll of enchant armour
 j - 4 scrolls of teleportation
 m - a scroll of magic mapping {unknown}
 r - a scroll of silence {unknown}
 s - 2 scrolls of enchant weapon
 y - a scroll of amnesia
 A - 4 scrolls of identify
Potions
 g - 5 potions of curing
 h - 2 potions of lignification
 k - 4 potions of cancellation
 l - 2 potions of heal wounds
 n - a potion of experience {unknown}
 o - a potion of flight {unknown}
 p - 4 potions of might
 q - a potion of mutation {unknown}
 u - a potion of resistance {unknown}
 v - a potion of berserk rage {unknown}
 w - 2 potions of haste {unknown}
 z - a potion of magic {unknown}


   Skills:
 - Level 2.4 Dodging
 - Level 2.4 Stealth
 + Level 12.4 Spellcasting
 + Level 11.1 Conjurations
 + Level 8.6 Fire Magic


You had 16 spell levels left.
You knew the following spells:

 Your Spells              Type           Power      Damage    Failure   Level
a - Magic Dart            Conj           100%       1d8       1%          1
b - Searing Ray           Conj           100%       2d8       1%          2
c - Iskenderun's Mystic   Conj/Tloc      48%        2d11      3%          4
d - Fulminant Prism       Conj/Hex       24%        3d13      3%          4
f - Flame Wave            Conj/Fire      64%        2d12      1%          4
x - Scorch                Fire           100%       2d10      1%          2

Your spell library contained the following spells:

 Spells                   Type           Power      Damage    Failure   Level
 Mephitic Cloud           Conj/Pois/Air  38%        N/A       1%          3
 Dazzling Flash           Conj/Hex       96%        N/A       1%          3
 Call Canine Familiar     Summ           17%        N/A       10%         3
 Frozen Ramparts          Ice            34%        1d5       10%         3
 Portal Projectile        Hex/Tloc       34%        N/A       10%         3
 Ice Form                 Ice/Tmut       17%        N/A       30%         4
 Leda's Liquefaction      Hex/Erth       8%         N/A       30%         4
 Summon Ice Beast         Ice/Summ       17%        N/A       30%         4
 Summon Cactus Giant      Summ           8%         N/A       99%         6


Dungeon Overview and Level Annotations

Branches:
Dungeon (9/15)             Temple (1/1) D:5           Sewer (visited)
Ossuary (visited)
   Lair: D:8-11         Orc: D:9-12

Altars:
Ashenzari
Cheibriados
Dithmenos
Elyvilon
Gozag
Hepliaklqana
Kikubaaqudgha
Nemelex Xobeh
Okawaru
Qazlal
Ru
Trog
Uskayaw
Vehumet
Wu Jian
Yredelemnul
Zin
The Shining One

Annotations:
D:3 Sigmund


Message History

The centaur warrior is heavily wounded.
The centaur warrior is knocked back by the mystic blast.
Unknown command.
Casting: Iskenderun's Mystic Blast (dangerous; 3% risk of failure)
Confirm with . or Enter, or press ? or * to list all spells.
You can't see any susceptible monsters within range! (Use Z to cast anyway.)
Casting: Iskenderun's Mystic Blast (dangerous; 3% risk of failure)
Confirm with . or Enter, or press ? or * to list all spells.
Aiming: Searing Ray (safe; 1% risk of failure)
Press: ? - help, Shift-Dir - straight line, f - centaur warrior
Aim: a centaur warrior, quivering arrows (heavily wounded, more vulnerable to fire, 87% to hit)
The searing ray hits the centaur warrior.
The centaur warrior is severely wounded. (Press . to maintain the ray.)
The centaur warrior wields a +0 longbow.
The centaur warrior shoots an arrow.
The arrow hits you!!
The searing ray hits the centaur warrior.
The centaur warrior is severely wounded.
The searing ray hits the centaur warrior!
The centaur warrior is almost dead.
The centaur warrior is no longer more vulnerable to fire.
The centaur warrior shoots an arrow.
The arrow hits you!!
* * * LOW HITPOINT WARNING * * *
The searing ray hits the centaur warrior.
The centaur warrior is almost dead.
You finish channelling your searing ray.
An electric eel comes into view.
The centaur warrior unwields a +0 longbow.
The centaur warrior hits you.
* * * LOW HITPOINT WARNING * * *
The centaur warrior kicks you but does no damage.
Casting: Searing Ray (safe; 1% risk of failure)
Confirm with . or Enter, or press ? or * to list all spells.
Flames lash the centaur warrior.
You kill the centaur warrior!
Vehumet accepts your kill.
Vehumet offers you knowledge of Mephitic Cloud.
The electric eel shoots out a bolt of lightning at you!
The bolt of electricity hits you!
You die...

≈≈≈..(....≈≈≈..
≈≈≈≈...........
≈≈≈≈...........
≈≈≈≈...........
≈≈≈............
...............
...............
......(@)......
...............
...............
≈≈≈............
≈≈≈≈...........
≈≈≈≈...........
≈≈≈≈...........
≈≈≈.......S≈≈..


You could see an electric eel.

Vanquished Creatures
  A centaur warrior (D:9)
  A manticore (D:8)
  An ugly thing (D:8)
  Prince Ribbit (D:5)
  A steam dragon (D:8)
  A water moccasin (D:8)
  2 ice beasts
  3 orc warriors
  5 ogres
  4 black bears
  A necrophage (D:6)
  2 centaurs
  A phantom (D:6)
  3 elf zombies
  2 kobold brigands
  A bullfrog (D:8)
  2 elf skeletons (D:5)
  A water moccasin zombie (D:7)
  3 wyvern skeletons (D:7)
  A killer bee (D:7)
  4 wights (D:7)
  2 howler monkeys (D:9)
  5 jellies
  A bullfrog zombie (D:5)
  4 centaur zombies (Ossuary)
  6 human zombies (Ossuary)
  A centaur skeleton (D:6)
  An orc priest (D:6)
  3 hounds
  A bullfrog skeleton (D:7)
  A gnoll shaman (D:4)
  2 human skeletons (D:5)
  7 iguanas
  5 orc wizards
  2 hound skeletons
  3 mummies (Ossuary)
  4 gnolls (D:4)
  A howler monkey skeleton (D:6)
  6 adders
  4 river rats (Sewer)
  A shadow imp (D:5)
  2 white imps (D:7)
  An ufetubus (D:6)
  An adder skeleton (D:4)
  An adder zombie (D:5)
  2 worms
  A dart slug (D:4)
  19 orcs
  9 endoplasms
  2 giant cockroaches
  7 goblins
  10 hobgoblins
  4 jackals (D:4)
  3 quokkas
  8 ball pythons
  3 bats
  12 frilled lizards
  15 kobolds
  An orc zombie (D:5)
  12 rats
214 creatures vanquished.

Vanquished Creatures (others)
  18 fulminant prisms
  7 plants (D:7)
25 creatures vanquished.

Grand Total: 239 creatures vanquished

Notes
Turn   | Place    | Note
-------+----------+-------------------------------------------
     0 | D:1      | lorenzova the Deep Elf Conjurer began the quest for the
                  | Orb.
     0 | D:1      | Reached XP level 1. HP: 10/10 MP: 6/6
   932 | D:1      | Reached XP level 2. HP: 15/15 MP: 2/8
   986 | D:1      | Learned a level 2 spell: Searing Ray
  1120 | D:1      | Found a faded altar of an unknown god.
  1542 | D:2      | Reached skill level 4 in Spellcasting
  1616 | D:2      | Reached skill level 5 in Conjurations
  1616 | D:2      | Reached XP level 3. HP: 19/19 MP: 7/10
  3003 | D:3      | Noticed Sigmund
  3174 | D:3      | Identified the +4 pair of gloves of Getah {rPois rF++}
  3199 | D:3      | Reached XP level 4. HP: 24/24 MP: 7/12
  3661 | D:4      | Noticed an ogre
  3672 | D:4      | Killed an ogre
  3673 | D:4      | Reached skill level 5 in Spellcasting
  3673 | D:4      | Reached XP level 5. HP: 19/28 MP: 1/15
  3815 | D:4      | Found a glowing drain.
  3844 | D:4      | Noticed an ogre
  3853 | D:4      | Killed an ogre
  3854 | D:4      | Reached skill level 6 in Spellcasting
  3885 | Sewer    | Entered a sewer
  3892 | Sewer    | Reached XP level 6. HP: 32/32 MP: 10/17
  4478 | D:4      | Reached skill level 7 in Spellcasting
  5211 | D:4      | Learned a level 2 spell: Scorch
  5285 | D:5      | Entered Level 5 of the Dungeon
  5294 | D:5      | Reached skill level 1 in Fire Magic
  5294 | D:5      | Reached XP level 7. HP: 31/36 MP: 9/19
  5438 | D:5      | Noticed Prince Ribbit
  5452 | D:5      | Killed Prince Ribbit
  5453 | D:5      | Reached skill level 8 in Spellcasting
  5608 | D:5      | Reached XP level 8. HP: 33/41 MP: 8/22
  5922 | D:5      | Reached skill level 9 in Spellcasting
  5941 | D:5      | Found a sand-covered staircase.
  5946 | Ossuary  | Entered an ossuary
  6468 | Ossuary  | Reached skill level 5 in Fire Magic
  6978 | D:5      | Found a staircase to the Ecumenical Temple.
  7015 | Temple   | Entered the Ecumenical Temple
  7048 | Temple   | Became a worshipper of Vehumet
  7299 | D:6      | Reached skill level 10 in Spellcasting
  7353 | D:6      | Found an ancient bone altar of Kikubaaqudgha.
  7353 | D:6      | Found an iron altar of Okawaru.
  7400 | D:6      | Reached XP level 9. HP: 45/45 MP: 16/25
  7767 | D:6      | Found a white marble altar of Elyvilon.
  8203 | D:6      | Reached * piety under Vehumet
  8203 | D:6      | Offered knowledge of Sandblast by Vehumet.
  8395 | D:6      | Found a hazy altar of Hepliaklqana.
  8603 | D:6      | Found a glowing golden altar of the Shining One.
  8604 | D:6      | Found a glowing silver altar of Zin.
  8658 | D:6      | Learned a level 4 spell: Iskenderun's Mystic Blast
  8663 | D:6      | Learned a level 4 spell: Fulminant Prism
  8668 | D:6      | Learned a level 4 spell: Flame Wave
  8888 | D:7      | Reached skill level 11 in Spellcasting
  8889 | D:7      | Noticed a two-headed ogre
  8902 | D:7      | Reached skill level 10 in Conjurations
  9685 | D:7      | Noticed a centaur warrior
  9908 | D:7      | Reached ** piety under Vehumet
  9908 | D:7      | Offered knowledge of Poisonous Vapours by Vehumet.
 10184 | D:8      | Noticed a cyan ugly thing
 10207 | D:8      | Killed a cyan ugly thing
 10208 | D:8      | Reached skill level 12 in Spellcasting
 10208 | D:8      | Reached XP level 10. HP: 50/50 MP: 6/28
 10241 | D:8      | Noticed a manticore
 10353 | D:8      | Killed a manticore
 11399 | D:9      | Noticed a centaur warrior
 11407 | D:9      | Killed a centaur warrior
 11407 | D:9      | Offered knowledge of Mephitic Cloud by Vehumet.
 11407 | D:9      | Killed from afar by an electric eel

Illustrated notes

Levels and vault maps discovered:
D:1:      sevenhm_arrival_forest_fort_large_3, layout_basic,
          hellmonk_ecumenical_altar_arch_garden
D:2:      layout_basic, kennysheep_boxes
D:3:      kennysheep_six_static_rooms, layout_basic, makhleb_altar_promises_db,
          mainiacjoe_overflow_six_doors_small, kennysheep_nondescript,
          uniq_sigmund, uniq_jessica, uniq_robin
D:4:      layout_loops_ring, portal_sewer_entry_a, amcnicky_mini_pool_small,
          minmay_misc_feat_secret_circle
D:5:      layout_rooms, minmay_temple_entry_offerings,
          nicolae_ossuary_entry_catacombs, kennysheep_donut, uniq_prince_ribbit1
D:6:      layout_loops_ring, good_gods_temple_1, jmf_multi_god_temple,
          mainiacjoe_overflow_concentric_impassable, minmay_between
D:7:      nzn_winding_woodlands_cross [nzn_winding_woodlands_5x15_pool,
          nzn_winding_woodlands_5x15_twine,
          nzn_winding_woodlands_5x15_pathside_ponds,
          nzn_winding_woodlands_5x15_zeroes,
          nzn_winding_woodlands_15x15_eel_pit], layout_basic, serial_shops,
          nicolae_shop_crystal, uniq_joseph
D:8:      layout_basic
D:9:      layout_big_octagon, kennysheep_little_box, doesnt_xom_only_xom,
          lightli_bailey_entry_fortress, nicolae_shop_fire_sale
          [nicolae_sub_dead_trees]
Temple:   minmay_temple_bridge_abc

Skill      XL: |  1  2  3  4  5  6  7  8  9 10 |
---------------+-------------------------------+-----
Spellcasting   | 4 5 6 7 8 10 12 | 12.4
Conjurations   | 5 6 7 8 9 10 11 | 11.1
Fire Magic     | 1 3 5 8 |  8.6
Dodging        | |  2.4
Stealth        | |  2.4

Action                   |  1- 3 |  4- 6 |  7- 9 | 10-12 || total
-------------------------+-------+-------+-------+-------++-------
Melee: Unarmed           |     8 |       |       |       ||     8
       Quarterstaff      |       |       |     9 |       ||     9
 Cast: Magic Dart        |    90 |    97 |   114 |    24 ||   325
       Searing Ray       |     1 |    10 |    52 |     7 ||    70
       Scorch            |       |       |    55 |     4 ||    59
       Fulminant Prism   |       |       |    11 |     7 ||    18
       Iskenderun's Myst |       |       |     8 |     2 ||    10
  Use: Scroll            |     3 |     8 |     4 |       ||    15
Armor: Robe              |     3 |     4 |    38 |     5 ||    50
Dodge: Dodged            |    15 |    17 |    58 |     3 ||    93

Table legend: (Time is in decaauts)
 A = Elapsed time spent in this place.
 B = Non-inter-level travel time spent in this place.
 C = Inter-level travel time spent in this place.
 D = Time resting spent in this place.
 E = Time spent auto-exploring this place.
 F = Levels seen in this place.
 G = Mean time per level.
                   A        B        C        D        E       F      G
               +--------+--------+--------+--------+--------+-----+--------+
         Total |  11492 |  11228 |    264 |   4818 |   3633 |  12 |  957.7 |
       Dungeon |  10023 |   9780 |    243 |   4072 |   3614 |   9 | 1113.7 |
        Temple |     54 |     33 |     21 |      0 |     19 |   1 |   54.0 |
         Sewer |    604 |    604 |      0 |    228 |      0 |   1 |  604.0 |
       Ossuary |    810 |    810 |      0 |    518 |      0 |   1 |  810.0 |
               +--------+--------+--------+--------+--------+-----+--------+

Top non-repeatable levels by time:
     D:6: 1706 daAuts
     D:1: 1535 daAuts
     D:2: 1418 daAuts
     D:7: 1160 daAuts
     D:8: 1146 daAuts
     D:5: 1068 daAuts
     D:4: 1059 daAuts
     D:3: 894 daAuts
 Ossuary: 810 daAuts
   Sewer: 604 daAuts
  Temple: 54 daAuts
     D:9: 34 daAuts
